 Dungeon Crawl Stone Soup version 0.31-a0-408-gb642c7f9a3 (webtiles) character file.

Game seed: 2078710386871469833

8373 pokeman the Thaumaturge (level 11, -4/61 HPs)
             Began as a Deep Elf Hedge Wizard on July 29, 2023.
             Was a Priest of Vehumet.
             Slain by a two-headed ogre
             ... wielding a +0 giant club
              (17 damage)
             ... on level 10 of the Dungeon.
             The game lasted 00:18:18 (8908 turns).

pokeman the Thaumaturge (Deep Elf Hedge Wizard)     Turns: 8908, Time: 00:18:18

Health: -4/61      AC:  2    Str:  7    XL:     11   Next: 9%
Magic:  19/31      EV: 13    Int: 24    God:    Vehumet [***...]
Gold:   372        SH:  0    Dex: 20    Spells: 24/39 levels left

rFire   + . .        y - +6 whip of Ymoubuk {flame, SInv}
rCold   + . .        (no shield)
rNeg    . . .        b - +0 robe
rPois   .            c - +0 hat
rElec   .            A - scarf {rC+ rF+}
rCorr   .            (no gloves)
SInv    +            (no boots)
Will    +....        l - amulet of magic regeneration
Stlth   +++          z - +6 ring of dexterity
HPRegen 0.30/turn    C - ring of flight
MPRegen 0.62/turn

%: no passive effects
@: flying
A: no striking features
a: Renounce Religion


You were on level 10 of the Dungeon.
You worshipped Vehumet.
Vehumet was most pleased with you.
You visited 1 branch of the dungeon, and saw 10 of its levels.
You also visited: Sewer.

You collected 462 gold pieces.
You spent 90 gold pieces at shops.

Inventory:

Hand Weapons
 y - the +6 whip of Ymoubuk (weapon) {flame, SInv}
   (You found it on level 4 of the Dungeon)

   SInv:      It lets you see invisible.
Missiles
 I - a curare-tipped dart
Armour
 b - a +0 robe (worn)
 c - a +0 hat (worn)
 A - a scarf of resistance (worn)
Magical Staves
 j - a staff of poison
Jewellery
 l - an amulet of magic regeneration (around neck)
 q - a +4 ring of slaying
 z - a +6 ring of dexterity (left hand)
 C - a ring of flight (right hand)
Wands
 k - a wand of digging (8)
 r - a wand of paralysis (12)
 w - a wand of acid (20)
 G - a wand of iceblast (14)
 H - a wand of mindburst (11)
 J - a wand of flame (38)
 N - a wand of polymorph (5)
Scrolls
 e - 7 scrolls of identify {unknown}
 g - a scroll of summoning {unknown}
 h - 2 scrolls of fear {unknown}
 i - a scroll of poison {unknown}
 m - 3 scrolls of enchant armour {unknown}
 o - 2 scrolls of brand weapon {unknown}
 p - a scroll of fog {unknown}
 u - 3 scrolls of teleportation {unknown}
 D - a scroll of vulnerability {unknown}
 E - a scroll of immolation {unknown}
 F - a scroll of silence {unknown}
 K - a scroll of enchant weapon {unknown}
 M - a scroll of amnesia {unknown}
Potions
 a - 4 potions of lignification {unknown}
 d - a potion of magic
 f - 2 potions of might {unknown}
 n - 3 potions of haste {unknown}
 s - 3 potions of heal wounds {unknown}
 t - 2 potions of mutation {unknown}
 v - 9 potions of curing
 x - 2 potions of resistance {unknown}
 B - a potion of enlightenment {unknown}
 L - a potion of attraction {unknown}


   Skills:
 - Level 4.0 Fighting
 + Level 4.5 Armour
 - Level 3.0 Dodging
 - Level 3.1 Stealth
 * Level 14.6 Spellcasting
 + Level 8.5 Conjurations
 - Level 1.1 Summonings
 - Level 1.1 Translocations
 - Level 1.0 Air Magic
 + Level 7.6 Earth Magic
 - Level 1.1 Poison Magic
 - Level 1.2 Evocations


You had 24 spell levels left.
You knew the following spells:

 Your Spells              Type           Power      Damage    Failure   Level
a - Magic Dart            Conj           100%       1d8       1%          1
b - Mephitic Cloud        Conj/Pois/Air  34%        N/A       1%          3
c - Call Imp              Summ           44%        N/A       3%          2
d - Blink                 Tloc           44%        N/A       3%          2
e - Stone Arrow           Conj/Erth      100%       3d13      1%          3
f - Iskenderun's Mystic   Conj/Tloc      40%        2d9       1%          4

Your spell library contained the following spells:

 Spells                   Type           Power      Damage    Failure   Level
 Inner Flame              Hex/Fire       17%        N/A       2%          3
 Summon Small Mammal      Summ           88%        N/A       1%          1
 Dazzling Flash           Conj/Hex       76%        N/A       1%          3
 Hailstorm                Conj/Ice       38%        3d9       1%          3
 Fulminant Prism          Conj/Hex       19%        3d10      1%          4
 Volatile Blastmotes      Fire/Tloc      40%        2d13      2%          3
 Slow                     Hex            68%        N/A       3%          1
 Cigotuvi's Dreadful Rot  Necr/Pois/Air  42%        N/A       3%          2
 Animate Armour           Summ/Erth      76%        N/A       5%          4
 Call Canine Familiar     Summ           22%        N/A       6%          3
 Summon Guardian Golem    Hex/Summ       20%        N/A       8%          3
 Summon Ice Beast         Ice/Summ       20%        N/A       26%         4
 Silence                  Hex/Air        10%        N/A       58%         5
 Agony                    Necr           17%        N/A       65%         5
 Lehudib's Crystal Spear  Conj/Erth      27%        10d7      86%         8
 Simulacrum               Ice/Necr       8%         N/A       99%         6


Dungeon Overview and Level Annotations

Branches:
Dungeon (10/15)            Temple (0/1) D:7           Sewer (visited)
   Lair: D:8-11         Orc: D:9-12

Altars:
Elyvilon
Hepliaklqana
Kikubaaqudgha
Okawaru
Vehumet
Wu Jian
Yredelemnul
The Shining One

Shops:
D:1 !   D:7 *


Message History

Aiming: Stone Arrow (safe; 1% risk of failure)
Press: ? - help, Shift-Dir - straight line, f - moth of wrath
Aim: a moth of wrath (78% to hit)
The stone arrow hits the moth of wrath!
The moth of wrath is moderately wounded.
The moth of wrath is engulfed in noxious fumes.
Unknown command.
Casting: Stone Arrow (safe; 1% risk of failure)
Confirm with . or Enter, or press ? or * to list all spells.
Aiming: Stone Arrow (safe; 1% risk of failure)
Press: ? - help, Shift-Dir - straight line, f/p - moth of wrath
Aim: a moth of wrath (lightly wounded, 78% to hit)
The stone arrow hits the moth of wrath!!
The moth of wrath is severely wounded.
A two-headed ogre comes into view.
It is wielding a +0 giant club and a +0 giant spiked club.
A fire dragon comes into view.
Casting: Stone Arrow (safe; 1% risk of failure)
Confirm with . or Enter, or press ? or * to list all spells.
Aiming: Stone Arrow (safe; 1% risk of failure)
Press: ? - help, Shift-Dir - straight line, f/p - moth of wrath
Aim: a moth of wrath (severely wounded, 78% to hit)
The stone arrow misses the moth of wrath.
The moth of wrath bites you!
Unknown command.
Casting: Stone Arrow (safe; 1% risk of failure)
Confirm with . or Enter, or press ? or * to list all spells.
Aiming: Stone Arrow (safe; 1% risk of failure)
Press: ? - help, Shift-Dir - straight line, f/p - moth of wrath
Aim: a moth of wrath (severely wounded, 78% to hit)
The stone arrow hits the moth of wrath!!
You kill the moth of wrath!
Vehumet accepts your kill.
You feel your power returning.
The cyclops throws a large rock.
The large rock hits you!!
Ouch! That really hurt!
* * * LOW HITPOINT WARNING * * *
There is a stone staircase leading up, spattered with blood here.
Unknown command.
The two-headed ogre hits you with a +0 giant club!
You die...

#.#.#.#..#
.C.#.#....#
..# #.#.#..#
#... ##.##).#
#○#####.###..#
○. ....C.....#
#...>..#.#
##.....D..#
#.....O@..#
#.........#
#.........#
...........#
....l......#
....♣~.....#
##..~~.....#
#..P~P....#
#..P~♣....#


You could see a fire dragon, a two-headed ogre, a cyclops and a wyvern.

Vanquished Creatures
  A moth of wrath (shapeshifter) (D:10)
  The ghost of HotCheetoh the Slasher, a novice HuFi of Sif Muna (D:4)
  A shadow (D:10)
  17 yaks
  A wyvern (D:7)
  A basilisk (D:9)
  3 vampire mosquitoes (D:10)
  An acid dragon (D:9)
  2 water moccasins
  Pargi (Sewer)
  2 orc warriors
  2 black bears
  An ice beast (D:5)
  2 ogres
  2 sky beasts (D:7)
  A phantom (D:3)
  2 kobold brigands
  4 bullfrogs
  4 scorpions
  17 wights
  13 killer bees
  An electric eel (D:8)
  5 howler monkeys (D:8)
  3 quasits
  2 hounds
  A gnoll bouda (D:5)
  3 orc priests
  5 iguanas
  6 orc wizards
  16 adders
  7 gnolls
  2 shadow imps
  A white imp (D:7)
  4 ufetubi
  2 worms (D:3)
  3 dart slugs
  15 orcs
  9 ball pythons
  2 bats
  6 endoplasms
  5 giant cockroaches
  7 hobgoblins
  5 jackals
  3 quokkas
  4 frilled lizards
  7 goblins
  11 kobolds
  4 rats
218 creatures vanquished.

Notes
Turn   | Place    | Note
-------+----------+-------------------------------------------
     0 | D:1      | pokeman the Deep Elf Hedge Wizard began the quest for the
                  | Orb.
     0 | D:1      | Reached XP level 1. HP: 10/10 MP: 7/7
   124 | D:1      | Found Dyahug's Distillery.
   139 | D:1      | Reached XP level 2. HP: 13/15 MP: 1/9
   681 | D:1      | Reached skill level 5 in Spellcasting
   853 | D:2      | Found a faded altar of an unknown god.
   886 | D:2      | Reached XP level 3. HP: 20/20 MP: 6/11
   890 | D:2      | Learned a level 3 spell: Mephitic Cloud
   893 | D:2      | Learned a level 2 spell: Call Imp
   896 | D:2      | Learned a level 2 spell: Blink
  1142 | D:2      | Reached skill level 1 in Fighting
  1142 | D:2      | Reached skill level 1 in Armour
  1738 | D:3      | Noticed a phantom
  1756 | D:3      | Killed a phantom
  1757 | D:3      | Reached skill level 6 in Spellcasting
  1757 | D:3      | Reached XP level 4. HP: 4/25 MP: 0/14
  1757 | D:3      | Reached XP level 5. HP: 5/29 MP: 0/15
  1868 | D:3      | Found a glowing drain.
  1894 | Sewer    | Entered a sewer
  1971 | Sewer    | Noticed Pargi
  1982 | Sewer    | Killed Pargi
  1983 | Sewer    | Reached skill level 1 in Air Magic
  1983 | Sewer    | Reached skill level 1 in Poison Magic
  1983 | Sewer    | Reached skill level 1 in Evocations
  1983 | Sewer    | Reached XP level 6. HP: 13/34 MP: 13/17
  1988 | Sewer    | Learned a level 4 spell: Iskenderun's Mystic Blast
  2471 | D:4      | Reached skill level 7 in Spellcasting
  2520 | D:4      | Found a transporter.
  2525 | D:4      | Noticed HotCheetoh's ghost (novice HuFi)
  2609 | D:4      | Identified the +0 ring mail "Omel" {rF- Dex+4}
  2812 | D:4      | Found a transporter.
  2823 | D:4      | Learned a level 3 spell: Stone Arrow
  3064 | D:4      | Identified the +6 whip of Ymoubuk {flame, SInv}
  3281 | D:4      | Reached skill level 1 in Earth Magic
  3281 | D:4      | Reached XP level 7. HP: 39/39 MP: 15/20
  3423 | D:5      | Entered Level 5 of the Dungeon
  3423 | D:5      | Noticed a yak
  3424 | D:5      | Noticed a yak
  3429 | D:5      | Noticed a yak
  3434 | D:5      | Killed a yak
  3434 | D:5      | Noticed a yak
  3434 | D:5      | Noticed a yak
  3435 | D:5      | Reached skill level 8 in Spellcasting
  3435 | D:5      | Noticed a yak
  3441 | D:4      | Killed a yak
  3508 | D:5      | Killed a yak
  3511 | D:5      | Killed a yak
  3512 | D:5      | Reached skill level 9 in Spellcasting
  3512 | D:5      | Reached XP level 8. HP: 26/44 MP: 4/23
  3625 | D:5      | Reached skill level 5 in Conjurations
  3631 | D:5      | Reached skill level 10 in Spellcasting
  3832 | D:5      | Found a basalt altar of Yredelemnul.
  3852 | D:5      | Found a radiant altar of Vehumet.
  3866 | D:5      | Became a worshipper of Vehumet
  4117 | D:5      | Reached XP level 9. HP: 49/49 MP: 4/25
  4580 | D:4      | Killed HotCheetoh's ghost
  4581 | D:4      | Reached skill level 11 in Spellcasting
  4662 | D:6      | Found an ancient bone altar of Kikubaaqudgha.
  5089 | D:6      | Reached skill level 5 in Earth Magic
  5414 | D:6      | Reached * piety under Vehumet
  5414 | D:6      | Offered knowledge of Sandblast by Vehumet.
  5570 | D:7      | Reached skill level 12 in Spellcasting
  5739 | D:7      | Found a staircase to the Ecumenical Temple.
  6293 | D:7      | Found Syuget's Assorted Antiques.
  6612 | D:1      | Bought a potion of curing for 30 gold pieces
  6612 | D:1      | Bought a potion of curing for 30 gold pieces
  6612 | D:1      | Bought a potion of curing for 30 gold pieces
  6768 | D:8      | Reached XP level 10. HP: 56/56 MP: 22/28
  6775 | D:8      | Reached ** piety under Vehumet
  6775 | D:8      | Offered knowledge of Poisonous Vapours by Vehumet.
  6849 | D:8      | Reached skill level 13 in Spellcasting
  7052 | D:8      | Found a white marble altar of Elyvilon.
  7409 | D:8      | Found an ornate altar of the Wu Jian Council.
  7514 | D:8      | Offered knowledge of Inner Flame by Vehumet.
  7522 | D:8      | Reached skill level 14 in Spellcasting
  8009 | D:9      | Found a glowing golden altar of the Shining One.
  8349 | D:9      | Reached *** piety under Vehumet
  8474 | D:9      | Found a hazy altar of Hepliaklqana.
  8512 | D:9      | Found an iron altar of Okawaru.
  8632 | D:10     | Entered Level 10 of the Dungeon
  8641 | D:10     | Reached XP level 11. HP: 39/61 MP: 16/31
  8730 | D:10     | Noticed a two-headed ogre
  8886 | D:10     | Noticed a skeletal warrior
  8902 | D:10     | Noticed a two-headed ogre
  8902 | D:10     | Noticed a fire dragon
  8908 | D:10     | Slain by a two-headed ogre

Illustrated notes

Levels and vault maps discovered:
D:1:      lightli_arrival_statuegarden, layout_rooms, serial_glass,
          glass_columns_a, glass_columns_a, glass_columns_b, glass_columns_a,
          glass_columns_a, serial_shops, nicolae_shop_crystal
D:2:      wander_river, layout_basic, ebering_ecumenical_altar_hall
D:3:      layout_basic, cheibrodos_sewer_entry_drain
D:4:      layout_basic, gammafunk_ghost_stat_death, minivault_23,
          kennysheep_generic_room_16
D:5:      layout_loops_cross, mainiacjoe_overflow_catch_the_wave,
          nicolae_half_adder
D:6:      layout_cave_pods, lemuel_crystal_altar, serial_demonic,
          serial_demonic_e, serial_demonic_e, serial_demonic_g,
          serial_demonic_a, serial_demonic_d, serial_demonic_c,
          kennysheep_small_square
D:7:      layout_basic, minmay_temple_entry_statues, serial_shops,
          nicolae_shop_overgrown_old_shop
D:8:      layout_basic, nicolae_elyvilon_temple_path,
          nicolae_wu_jian_wuxing_cycle
D:9:      layout_roguey, okawaru_ov_weapons_minmay, tso_metal_star,
          nicolae_hepliaklqana_hazy_memory
D:10:     minmay_the_grid_square_5x5_4x4 [minmay_the_grid_square_5x5_moneybag,
          minmay_the_grid_square_5x5_minimal,
          minmay_the_grid_square_5x5_inverted_slash,
          minmay_the_grid_square_5x5_six_small,
          minmay_the_grid_square_5x5_n_small,
          minmay_the_grid_square_5x5_prize_waves,
          minmay_the_grid_square_5x5_prize_snowflake,
          minmay_the_grid_square_5x5_z,
          minmay_the_grid_square_5x5_checkered_statues,
          minmay_the_grid_square_5x5_prize_gold,
          minmay_the_grid_square_5x5_prize_pseudospiral,
          minmay_the_grid_square_5x5_minivault,
          minmay_the_grid_square_5x5_forky, minmay_the_grid_square_5x5_shrine1,
          minmay_the_grid_square_5x5_bridge, minmay_the_grid_square_5x5_six],
          layout_rooms, erik_lair_orcish_takeover, serial_bayou,
          serial_bayou_pond_e, serial_bayou_shore_a, serial_bayou_shore_b,
          serial_bayou_pond_e, serial_bayou_crossing, kennysheep_small_spiral

Skill      XL: |  1  2  3  4  5  6  7  8  9 10 |
---------------+-------------------------------+-----
Spellcasting   | 5 6 7 9 10 12 14 | 14.6
Fighting       | 1 2 3 4 |  4.0
Armour         | 1 2 3 4 |  4.5
Conjurations   | 2 3 4 5 7 8 |  8.5
Dodging        | 3 |  3.0
Stealth        | 3 |  3.1
Air Magic      | 1 |  1.0
Poison Magic   | 1 |  1.1
Evocations     | 1 |  1.2
Earth Magic    | 1 2 4 6 7 |  7.6
Summonings     | |  1.1
Translocations | |  1.1

Action                     |  1- 3 |  4- 6 |  7- 9 | 10-12 || total
---------------------------+-------+-------+-------+-------++-------
  Melee: Dagger            |     9 |       |       |       ||     9
         Hand axe          |    15 |    32 |       |       ||    47
         Punch             |       |     1 |     1 |       ||     2
         Whip              |       |     3 |    24 |     4 ||    31
   Cast: Magic Dart        |    89 |    92 |     7 |    12 ||   200
         Mephitic Cloud    |     1 |     9 |     9 |     6 ||    25
         Stone Arrow       |       |       |   104 |   102 ||   206
         Call Imp          |       |       |     1 |     1 ||     2
   Stab: Confused          |     1 |     2 |     1 |     1 ||     5
         Sleeping          |     1 |     1 |       |       ||     2
 Armour: Robe              |     4 |     8 |    10 |     1 ||    23
  Dodge: Dodged            |    16 |    35 |    36 |    25 ||   112

Table legend: (Time is in decaauts)
 A = Elapsed time spent in this place.
 B = Non-inter-level travel time spent in this place.
 C = Inter-level travel time spent in this place.
 D = Time resting spent in this place.
 E = Time spent auto-exploring this place.
 F = Levels seen in this place.
 G = Mean time per level.
                   A        B        C        D        E       F      G
               +--------+--------+--------+--------+--------+-----+--------+
         Total |   8986 |   8149 |    837 |    415 |   6445 |  11 |  816.9 |
       Dungeon |   8751 |   7914 |    837 |    415 |   6267 |  10 |  875.1 |
         Sewer |    235 |    235 |      0 |      0 |    178 |   1 |  235.0 |
               +--------+--------+--------+--------+--------+-----+--------+

Top non-repeatable levels by time:
     D:4: 1383 daAuts
     D:8: 1200 daAuts
     D:5: 1019 daAuts
     D:7: 953 daAuts
     D:2: 941 daAuts
     D:9: 817 daAuts
     D:6: 816 daAuts
     D:1: 814 daAuts
     D:3: 648 daAuts
   Sewer: 235 daAuts
    D:10: 156 daAuts
